 Dungeon Crawl Stone Soup version 0.31-a0-544-gceb718ecc6 (webtiles) character file.

Game seed: 8237483321838092027

296 arthad the Shield-Bearer (level 6, -2/39 HPs)
             Began as a Gargoyle Fighter on Aug 15, 2023.
             Slain by an orc
             ... wielding a +0 war axe
              (9 damage)
             ... on level 3 of the Dungeon.
             The game lasted 00:03:57 (2527 turns).

arthad the Shield-Bearer (Gargoyle Fighter)         Turns: 2527, Time: 00:03:58

Health: -2/39      AC: 11    Str: 21    XL:     6   Next: 35%
Magic:  6/6        EV:  9    Int:  9    God:
Gold:   126        SH:  4    Dex:  9    Spells: 5/5 levels left

rFire   . . .        a - +0 flail
rCold   . . .        c - +0 buckler
rNeg    + . .        b - +0 scale mail
rPois   ∞            (no helmet)
rElec   +            (no cloak)
rCorr   .            (no gloves)
SInv    .            (no boots)
Will    .....        (no amulet) Stlth
                     (no ring)
HPRegen 0.26/turn    (no ring)
MPRegen 0.10/turn

%: no passive effects
@: no status effects
A: sickness immunity, AC +4, negative energy resistance 1, electricity
resistance, torment resistance 1, petrification resistance
a: no special abilities


You were on level 3 of the Dungeon.
You visited 1 branch of the dungeon, and saw 3 of its levels.

You collected 126 gold pieces.

Inventory:

Hand Weapons
 a - a +0 flail (weapon)
Armour
 b - a +0 scale mail (worn)
 c - a +0 buckler (worn)
Scrolls
 e - 7 scrolls of identify {unknown}
 g - a scroll of noise {unknown}
 i - a scroll of teleportation {unknown}
 l - a scroll of silence {unknown}
 m - a scroll of enchant armour {unknown}
 o - a scroll of revelation {unknown}
 p - a scroll of poison {unknown}
Potions
 d - a potion of might
 f - a potion of heal wounds {unknown}
 h - a potion of mutation {unknown}
 j - a potion of brilliance {unknown}
 k - a potion of enlightenment {unknown}
 n - a potion of haste {unknown}
 q - a potion of ambrosia {unknown}


   Skills:
 * Level 4.5 Fighting
 * Level 3.4 Maces & Flails
 + Level 1.1 Throwing
 * Level 4.4 Armour
 + Level 1.0 Dodging
 * Level 4.6 Shields


You had 5 spell levels left.
You didn't know any spells.
Your spell library contained the following spells:

 Spells                   Type           Power      Damage    Failure   Level
 Volatile Blastmotes      Fire/Tloc      0%         2d10      98%         3
 Fulminant Prism          Conj/Hex       0%         3d5       100%        4
 Iskenderun's Mystic Bla  Conj/Tloc      0%         2d3       100%        4


Dungeon Overview and Level Annotations

Branches:
Dungeon (3/15)

Altars:
Ashenzari

Annotations:
D:3 1 runed translucent door, Crazy Yiuf


Innate Abilities, Weirdness & Mutations

You are immune to sickness and miasma.
Your stone body is resilient. (AC +4)
You are immune to poison.
You resist negative energy. (rN+)
You are resistant to electric shocks. (rElec)
You are resistant to unholy torment.
You are immune to petrification.


Message History

You barely miss the orc. The orc hits you with a +0 flail.
You block the orc's attack. The orc barely misses you.
The orc hits you but does no damage.
You closely miss the orc priest.
The orc priest hits you but does no damage.
The orc barely misses you. The orc hits you with a +0 flail!
The orc hits you with a +0 war axe. The orc barely misses you.
You are too injured to fight recklessly!
You are too injured to fight recklessly!
You are too injured to fight recklessly!
You are too injured to fight recklessly!
You are too injured to fight recklessly!
You are too injured to fight recklessly!
You are too injured to fight recklessly!
You are too injured to fight recklessly!
You are too injured to fight recklessly!
You are too injured to fight recklessly!
You closely miss the orc priest. The orc priest completely misses you.
The orc hits you but does no damage. x3; You block the orc's attack.
The orc hits you but does no damage. x2; The orc barely misses you.
You block the orc priest's attack. The orc hits you but does no damage.
You sock the orc priest!
The orc priest is severely wounded.
The orc priest hits you with a +0 mace. The orc hits you but does no damage.
The orc closely misses you. The orc barely misses you.
The orc hits you with a +0 club.
You hit the orc priest.
The orc priest is almost dead.
The orc priest miscasts a cantrip.
The orc hits you with a +0 flail. x2
* * * LOW HITPOINT WARNING * * *
You block the orc's attack. The orc barely misses you.
You thump the orc priest!
You kill the orc priest!
The orc hits you but does no damage. The orc hits you with a +0 flail.
* * * LOW HITPOINT WARNING * * *
The orc closely misses you. The orc hits you but does no damage.
Your Dodging skill increases to level 1!
The orc misses you. The orc hits you with a +0 war axe!
You die...

#....# #.....+.......
#....# #....##.......
###....# #....##.......
#......########.........
#............##.........
#...#........##...######
#...#........##...#
#####ooo.....##...#
#.o@.....##...#
#........##...#
#........##...#
#........##...#
#........##...#
#........##..^#
#........##...#
###############


You could see 4 orcs.

Vanquished Creatures
  Grinder (D:3)
  An orc priest (D:3)
  3 adders
  A worm (D:2)
  2 dart slugs
  4 endoplasms
  4 goblins
  5 hobgoblins
  4 jackals (D:3)
  5 quokkas
  4 ball pythons
  5 bats
  4 frilled lizards (D:2)
  5 kobolds
  11 rats
59 creatures vanquished.

Notes
Turn   | Place    | Note
-------+----------+-------------------------------------------
     0 | D:1      | arthad the Gargoyle Fighter began the quest for the Orb.
     0 | D:1      | Reached XP level 1. HP: 14/14 MP: 1/1
   227 | D:1      | Reached XP level 2. HP: 19/19 MP: 2/2
   942 | D:2      | Found a broken altar of Ashenzari.
  1007 | D:1      | Reached XP level 3. HP: 6/23 MP: 3/3
  1794 | D:3      | Noticed Grinder
  1829 | D:3      | Killed Grinder
  1830 | D:3      | Reached XP level 4. HP: 13/30 MP: 4/4
  1830 | D:3      | Reached XP level 5. HP: 15/34 MP: 5/5
  1830 | D:3      | Reached XP level 6. HP: 18/39 MP: 6/6
  1977 | D:3      | Reached skill level 1 in Throwing
  2444 | D:3      | Found a runed translucent door.
  2445 | D:3      | Noticed Crazy Yiuf
  2527 | D:3      | Reached skill level 1 in Dodging
  2527 | D:3      | Slain by an orc

Illustrated notes

Levels and vault maps discovered:
D:1:      dpeg_arrival_circle_labyrinth_c, layout_basic
D:2:      layout_basic, basic_altar, st_stairs_7, item_on_display_a
D:3:      layout_basic, uniq_crazy_yiuf_cottage, uniq_grinder

Skill      XL: |  1  2  3  4  5  6 |
---------------+-------------------+-----
Fighting       | 4 |  4.5
Maces & Flails | 3 |  3.4
Armour         | 4 |  4.4
Shields        | 4 |  4.6
Throwing       | 1 |  1.1
Dodging        | 1 |  1.0

Action                     |  1- 3 |  4- 6 || total
---------------------------+-------+-------++-------
  Melee: Flail             |   128 |    85 ||   213
  Throw: Boomerang         |    54 |    12 ||    66
    Use: Potion            |     1 |       ||     1
 Armour: Scale mail        |    78 |    64 ||   142
  Dodge: Dodged            |    71 |    66 ||   137
  Block: Buckler           |    26 |    21 ||    47

Table legend: (Time is in decaauts)
 A = Elapsed time spent in this place.
 B = Non-inter-level travel time spent in this place.
 C = Inter-level travel time spent in this place.
 D = Time resting spent in this place.
 E = Time spent auto-exploring this place.
 F = Levels seen in this place.
 G = Mean time per level.
                   A        B        C        D        E       F      G
               +--------+--------+--------+--------+--------+-----+--------+
         Total |   2610 |   2522 |     88 |      0 |   1973 |   3 |  870.0 |
       Dungeon |   2610 |   2522 |     88 |      0 |   1973 |   3 |  870.0 |
               +--------+--------+--------+--------+--------+-----+--------+

Top non-repeatable levels by time:
     D:1: 1069 daAuts
     D:3: 781 daAuts
     D:2: 759 daAuts
